 Dungeon Crawl Stone Soup version 0.31-a0-1591-g515db51633 (webtiles) character file.

Game seed: 18333825214687338006

1190 James the Slicer (level 8, 0/60 HPs)
             Began as a Spriggan Fighter on Jan 6, 2024.
             Was a Priest of Uskayaw.
             Slain by a killer bee (7 damage)
             ... on level 6 of the Dungeon.
             The game lasted 00:18:47 (6029 turns).

James the Slicer (Spriggan Fighter)                 Turns: 6029, Time: 00:18:48

Health: 0/60       AC:  5    Str: 12    XL:     8   Next: 20%
Magic:  9/9        EV: 18    Int: 10    God:    Uskayaw [***...]
Gold:   255        SH:  5    Dex: 16    Spells: 7/7 levels left

rFire   . . .        a - +1 rapier (heavy)
rCold   . . .        c - +0 buckler
rNeg    . . .        m - +0 robe
rPois   .            (helmet restricted)
rElec   .            j - +2 cloak
rCorr   .            (gloves unavailable)
SInv    +            (boots unavailable)
Will    +....        (no amulet) Stlth
                     (no ring)
HPRegen 0.30/turn    (no ring)
MPRegen 0.11/turn

%: no passive effects
@: berserking, lethally poisoned (0 -> -8), very quick
A: very small, no large weapons, unfitting armour, see invisible, speed 3
a: Renounce Religion, Stomp, Line Pass


You were on level 6 of the Dungeon.
You worshipped Uskayaw.
Uskayaw was noncommittal.
You visited 2 branches of the dungeon, and saw 7 of its levels.

You collected 255 gold pieces.

Inventory:

Hand Weapons
 a - a +1 heavy rapier (weapon)
 b - a +0 dagger
   (You took it off a kobold on level 1 of the Dungeon)
 v - a +0 short sword
   (You found it on level 3 of the Dungeon)
 z - a +0 sling
   (You found it on level 3 of the Dungeon)
 A - a +2 whip of venom
   (You took it off a gnoll on level 3 of the Dungeon)
 E - a +1 short sword of speed
   (You took it off an orc on level 5 of the Dungeon)
Missiles
 g - 8 boomerangs
 h - 46 stones
 B - 6 poisoned darts (quivered)
Armour
 c - a +0 buckler (worn)
 j - a +2 cloak (worn)
   (You found it on level 1 of the Dungeon)
 m - a +0 robe (worn)
 t - a +0 robe
   (You found it on level 2 of the Dungeon)
 u - a +0 robe
   (You took it off an orc wizard on level 4 of the Dungeon)
 w - a +0 robe
   (You found it on level 3 of the Dungeon)
 C - a +0 robe
   (You took it off an orc wizard on level 4 of the Dungeon)
 D - a +0 robe
   (You took it off an orc wizard on level 5 of the Dungeon)
 I - a +0 robe
   (You took it off an orc wizard on level 5 of the Dungeon)
Talismans
 s - a talisman of death
   (You found it on level 2 of the Dungeon)
Scrolls
 i - 2 scrolls of amnesia
 n - 3 scrolls of revelation
 o - a scroll of noise {!r}
 p - 2 scrolls of poison {!r}
 r - 2 scrolls of identify {@r1}
 x - 2 scrolls of teleportation {@r4}
 y - a scroll of enchant armour
 F - a scroll of brand weapon
 H - a scroll of fear
Potions
 d - 3 potions of might
 e - a potion of degeneration {!q}
 f - a potion of resistance
 l - 3 potions of curing {@q1}
 q - a potion of enlightenment
 G - a potion of heal wounds {@q2}


   Skills:
 - Level 3.0 Fighting
 * Level 8.1 Short Blades
 - Level 4.0 Dodging
 - Level 6.0 Stealth
 + Level 4.3 Shields


You had 7 spell levels left.
You didn't know any spells.
Your spell library contained the following spells:

 Spells                   Type           Power      Damage    Failure   Level
 Hailstorm                Conj/Ice       0%         3d5       83%         3
 Summon Ice Beast         Ice/Summ       0%         N/A       83%         3
 Sculpt Simulacrum        Ice/Alch       0%         N/A       100%        6


Dungeon Overview and Level Annotations

Branches:
Dungeon (6/15)             Temple (1/1) D:6

Altars:
Ashenzari
Cheibriados
Dithmenos
Elyvilon
Fedhas
Gozag
Hepliaklqana
Kikubaaqudgha
Nemelex Xobeh
Okawaru
Qazlal
Ru
Sif Muna
Trog
Uskayaw
Vehumet
Wu Jian
Xom
Yredelemnul
Zin

Annotations:
D:5 Dowan, Duvessa


Innate Abilities, Weirdness & Mutations

You are very small and have problems with some larger weapons.
You are too small for most types of armour.
You have supernaturally acute eyesight. (SInv)
You cover ground extremely quickly. (Speed+++)


Message History

You hit the killer bee.
You feel very sick. The killer bee stings you.
* * * LOW HITPOINT WARNING * * *
The killer bee closely misses you. You block the killer bee's attack.
The killer bee misses you.
Uskayaw will force your foes to helplessly watch your dance.
Uskayaw prepares the audience for your solo!
The helpless killer bee fails to defend itself.
You skewer the killer bee like a kebab!!!
You kill the killer bee!
You feel very sick.
The killer bee is no longer paralysed. x3; The killer bee barely misses you.
The killer bee stings you.
* * * LOW HITPOINT WARNING * * *
You are lethally poisoned!
The killer bee poisons you! The killer bee barely misses you.
You feel better.
The orc is no longer paralysed. x2
The killer bee stings you.
* * * LOW HITPOINT WARNING * * *
The killer bee barely misses you.
A red film seems to cover your vision as you go berserk!
You feel yourself moving faster!
You feel mighty! The killer bee stings you.
* * * LOW HITPOINT WARNING * * *
You are poisoned.
The killer bee poisons you! You block the killer bee's attack.
You closely miss the killer bee.
You feel very sick. You block the killer bee's attack.
The killer bee stings you.
* * * LOW HITPOINT WARNING * * *
You barely miss the killer bee.
You feel sick. The killer bee stings you.
* * * LOW HITPOINT WARNING * * *
You are more poisoned.
The killer bee poisons you!
You miss the killer bee.
* * * LOW HITPOINT WARNING * * *
You feel very sick. The killer bee stings you.
* * * LOW HITPOINT WARNING * * *
The killer bee completely misses you.
You puncture the orc!
You kill the orc!
* * * LOW HITPOINT WARNING * * *
You feel very sick. The killer bee misses you.
You block the killer bee's attack.
You puncture the orc wizard!
You kill the orc wizard!
* * * LOW HITPOINT WARNING * * *
You feel sick. The killer bee stings you!
You die...

#......##..........y.o.o.......
#......##...##...y..oy.........
#......##....#.#######...#####.
###............# #...#
##.##†##.#..#.# #...#
####..##.##.....y# #...#
#..............#y# #...#
....#.#...#.##.#y# .#
#..#.#.#....##.#@#
#.#.#.#.#......).#
...#.>.#..######## ..#.#[#.#.#
...#.#.#..# ....#.#...#
.........^# ###########


You could see 3 killer bees.

Vanquished Creatures
  An ice beast (D:6)
  A black bear (D:6)
  2 ogres
  A centaur (D:5)
  A phantom (D:4)
  A scorpion (D:5)
  2 killer bees (D:6)
  3 hounds
  3 orc priests
  A sleepcap (D:4)
  A gnoll bouda (D:3)
  An iguana (D:4)
  5 orc wizards
  7 gnolls
  2 adders (D:2)
  2 dart slugs
  2 ribbon worms
  20 orcs
  6 endoplasms
  A giant cockroach (D:3)
  5 goblins
  4 hobgoblins
  2 jackals (D:1)
  6 quokkas
  7 ball pythons
  6 bats
  3 frilled lizards
  9 kobolds
  6 rats
111 creatures vanquished.

Notes
Turn   | Place    | Note
-------+----------+-------------------------------------------
     0 | D:1      | James the Spriggan Fighter began the quest for the Orb.
     0 | D:1      | Reached XP level 1. HP: 11/11 MP: 2/2
   345 | D:1      | Reached XP level 2. HP: 16/16 MP: 3/3
   786 | D:2      | Reached skill level 3 in Short Blades
   840 | D:2      | Reached XP level 3. HP: 19/19 MP: 4/4
  1015 | D:2      | Found a white marble altar of Elyvilon.
  1624 | D:3      | Reached XP level 4. HP: 23/23 MP: 5/5
  1669 | D:3      | Reached skill level 1 in Stealth
  1802 | D:3      | Reached skill level 4 in Short Blades
  1897 | D:3      | Identified the +0 pair of boots of Pathos {Fly}
  2362 | D:3      | Reached XP level 5. HP: 15/28 MP: 6/6
  2652 | D:4      | Noticed a phantom
  2678 | D:4      | Killed a phantom
  2752 | D:4      | Noticed an ogre
  3272 | D:4      | Reached XP level 6. HP: 20/32 MP: 7/7
  3330 | D:4      | Reached skill level 5 in Short Blades
  3592 | D:4      | Reached skill level 5 in Stealth
  4208 | D:5      | Entered Level 5 of the Dungeon
  4246 | D:5      | Noticed Duvessa
  4246 | D:5      | Noticed Dowan
  5080 | D:4      | Reached XP level 7. HP: 32/36 MP: 8/8
  5256 | D:5      | Reached skill level 6 in Short Blades
  5738 | D:6      | Reached skill level 7 in Short Blades
  5801 | D:6      | Found a shimmering blue altar of Sif Muna.
  5830 | D:6      | Found a staircase to the Ecumenical Temple.
  5835 | D:6      | Reached XP level 8. HP: 32/40 MP: 9/9
  5875 | Temple   | Entered the Ecumenical Temple
  5885 | Temple   | Became a worshipper of Uskayaw the Reveller
  5914 | D:6      | Reached * piety under Uskayaw
  5918 | D:6      | Reached ** piety under Uskayaw
  6019 | D:6      | Reached skill level 8 in Short Blades
  6021 | D:6      | Reached *** piety under Uskayaw
  6029 | D:6      | Slain by a killer bee

Illustrated notes

Levels and vault maps discovered:
D:1:      dpeg_arrival_renting, layout_loops_ring
D:2:      layout_rooms, basic_altar
D:3:      minmay_inner_zag, layout_basic
D:4:      layout_loops_ring
D:5:      layout_rooms, uniq_duvessa
D:6:      layout_loops_cross, lemuel_coloured_pillars_altar,
          minmay_temple_entry_grid
Temple:   regret_index_temple_mists

Skill      XL: |  1  2  3  4  5  6  7  8 |
---------------+-------------------------+-----
Short Blades   | 3 4 5 7 8 |  8.1
Stealth        | 2 4 5 6 |  6.0
Fighting       | 3 |  3.0
Shields        | 3 4 |  4.3
Dodging        | |  4.0

Action                     |  1- 3 |  4- 6 |  7- 9 || total
---------------------------+-------+-------+-------++-------
  Melee: Rapier            |   120 |   191 |    74 ||   385
  Throw: Boomerang         |       |     2 |       ||     2
         Dart              |       |     6 |       ||     6
    Use: Potion            |       |     1 |     2 ||     3
         Scroll            |       |    13 |     4 ||    17
   Stab: Sleeping          |     2 |     5 |     5 ||    12
         Distracted        |       |     1 |       ||     1
         Paralysed         |       |       |     1 ||     1
 Armour: Robe              |    41 |    54 |    51 ||   146
  Dodge: Dodged            |   108 |   127 |    76 ||   311
  Block: Buckler           |    26 |    29 |    27 ||    82

Table legend: (Time is in decaauts)
 A = Elapsed time spent in this place.
 B = Non-inter-level travel time spent in this place.
 C = Inter-level travel time spent in this place.
 D = Time resting spent in this place.
 E = Time spent auto-exploring this place.
 F = Levels seen in this place.
 G = Mean time per level.
                   A        B        C        D        E       F      G
               +--------+--------+--------+--------+--------+-----+--------+
         Total |   4340 |   4166 |    174 |    641 |   2122 |   7 |  620.0 |
       Dungeon |   4323 |   4156 |    167 |    641 |   2122 |   6 |  720.5 |
        Temple |     17 |     11 |      6 |      0 |      0 |   1 |   17.0 |
               +--------+--------+--------+--------+--------+-----+--------+

Top non-repeatable levels by time:
     D:4: 1283 daAuts
     D:3: 1182 daAuts
     D:1: 572 daAuts
     D:2: 559 daAuts
     D:5: 520 daAuts
     D:6: 204 daAuts
  Temple: 17 daAuts
